 Dungeon Crawl Stone Soup version 0.28.0-43-g3370ac3207 (webtiles) character file.

Game seed: 4852658508528448914

233 Faeu the Shield-Bearer (level 5, -4/48 HPs)
             Began as a Minotaur Fighter on Mar 18, 2022.
             Slain by a sky beast (6 damage)
             ... on level 2 of the Dungeon.
             The game lasted 00:12:41 (2381 turns).

Faeu the Shield-Bearer (Minotaur Fighter)           Turns: 2381, Time: 00:12:41

Health: -4/48      AC:  7    Str: 23    XL:     5   Next: 74%
Magic:  4/4        EV:  9    Int:  5    God:
Gold:   91         SH:  4    Dex:  9    Spells: 4/4 levels left

rFire   . . .      SeeInvis .   a - +0 trident {polearm}
rCold   + . .      Faith    .   c - +0 buckler
rNeg    . . .      Spirit   .   b - +0 scale mail
rPois   .          Reflect  .   (helmet restricted)
rElec   .          Harm     .   (no cloak)
rCorr   .          Rampage  .   (no gloves)
Will    .....                   (no boots)
Stlth   ..........              (no amulet)
HPRegen 0.16/turn               m - ring of protection from cold
MPRegen 0.09/turn               (no ring)

@: no status effects
A: horns 2, retaliatory headbutt
a: no special abilities


You were on level 2 of the Dungeon.
You visited 1 branch of the dungeon, and saw 3 of its levels.

You collected 91 gold pieces.


Innate Abilities, Weirdness & Mutations

You have a pair of horns on your head.
You reflexively headbutt those who attack you in melee.


   Skills:
 + Level 5.0 Fighting
 + Level 4.1 Polearms
 + Level 5.0 Armour
 + Level 5.0 Shields


You had 4 spell levels left.
You didn't know any spells.
Your spell library contained the following spells:

 Spells                   Type           Power      Damage    Failure   Level
 Foxfire                  Conj/Fire      0%         2x1d4     86%         1

Inventory:

Hand Weapons
 a - a +0 trident (weapon) {polearm}
 n - a +0 flail of venom {mace}
   (You took it off a gnoll on level 2 of the Dungeon)
 o - a +0 flail of protection {mace}
   (You took it off a gnoll on level 2 of the Dungeon)
Missiles
 g - 71 stones (quivered) {throwing}
 i - 4 poisoned darts {throwing}
 j - 40 arrows
 l - 9 sling bullets
Armour
 b - a +0 scale mail (worn)
 c - a +0 buckler (worn)
 k - a +0 hat of stealth
   (You found it on level 1 of the Dungeon)
Jewellery
 m - a ring of protection from cold (left hand)
   (You found it on level 2 of the Dungeon)
Scrolls
 f - 2 scrolls of identify {unknown}
 h - a scroll of amnesia {unknown}
Potions
 d - a potion of might
 e - a potion of curing {unknown}
 p - a potion of resistance {unknown}

Dungeon Overview and Level Annotations

Branches:
Dungeon (3/15)

Altars:

Shops:
D:1

( #..###...#..^.# ##.##... #..#
##...##..# ##.#..## #..#
##......# ####.....#
#..#######...######.......###
#.......##...##.....#....###.
##>.....##......####....####.
#######.....##...#######.#.......
#................{..........####.
#...............@......##.#.# ##
#...........##...(.....##.#.#
#......................##.#..
#...........##............##.#
#.........####...........###.##
#............#.................
#.......................####.## .
###########..............# #.# #.
#.##...........###.##..


There were no monsters in sight!


Message History

The ball python hisses angrily.
There is a stone staircase leading up here.
You throw a stone {throwing}.
The stone {throwing} closely misses the sky beast.
You throw a stone {throwing}.
The stone {throwing} closely misses the sky beast.
The sky beast flickers out of sight!
Deactivating autopickup; reactivate with Ctrl-A.
You barely miss the ball python. The ball python bites you.
The ball python barely misses you. 😕 HP[-1]
You take 1 damage, and now have 47/48 hp.
You closely miss the ball python. Something hits you but does no damage.
The ball python closely misses you. x2
You barely miss the ball python. Your headbutt misses the ball python.
The ball python bites you. The ball python barely misses you.
Something hits you but does no damage. You block the ball python's attack.
The ball python grabs you. The ball python constricts you. Something hits you.
Something shocks you. 😕 HP[-7]
You take 7 damage, and now have 40/48 hp.
You hit the ball python. The ball python barely misses you.
The ball python constricts you.
A sky beast appears from thin air!
Reactivating autopickup.
The sky beast hits you. The sky beast shocks you. 😮 HP[-7]
You take 7 damage, and now have 33/48 hp.
You closely miss the sky beast. Your headbutt misses the sky beast.
The ball python bites you but does no damage.
The ball python constricts you.
The sky beast hits you but does no damage. 😮 HP[+1]
You barely miss the sky beast. Your headbutt misses the sky beast.
You block the ball python's attack. The ball python constricts you.
The sky beast barely misses you. You block the ball python's attack.
The ball python constricts you.
You puncture the sky beast! You headbutt the sky beast!
The sky beast hits you but does no damage.
The ball python bites you.
The ball python constricts you. 😮 HP[-2]
You take 2 damage, and now have 32/48 hp.
You barely miss the sky beast.
The ball python bites you but does no damage.
The ball python constricts you.
The sky beast hits you but does no damage.
You closely miss the sky beast. Your headbutt misses the sky beast.
The ball python bites you but does no damage.
The ball python constricts you.
The sky beast hits you but does no damage.
The ball python bites you.
The ball python constricts you. 😮 HP[-2]
You take 2 damage, and now have 30/48 hp.
You barely miss the sky beast.
You headbutt the sky beast, but do no damage.
You block the sky beast's attack. The ball python bites you.
The ball python constricts you.
The sky beast hits you but does no damage. 😮 HP[-1]
You take 1 damage, and now have 29/48 hp.
You hit the sky beast. Your headbutt misses the sky beast.
The ball python barely misses you. The ball python constricts you.
The sky beast flickers out of sight!
Deactivating autopickup; reactivate with Ctrl-A.
Something hits you. Something shocks you.
* * * LOW HITPOINT WARNING * * *
The ball python bites you but does no damage.
The ball python constricts you. 😨 HP[-8]
You take 8 damage, and now have 21/48 hp.
You hit the ball python.
You kill the ball python!
A sky beast appears from thin air!
Reactivating autopickup.
The sky beast hits you.
* * * LOW HITPOINT WARNING * * *
The sky beast shocks you.
* * * LOW HITPOINT WARNING * * *
😱 HP[-9]
You take 9 damage, and now have 12/48 hp.
You can't go down here!
You can't go down here!
The sky beast closely misses you.
You climb upwards.
There is a stone staircase leading down here.
You hit the sky beast but do no damage.
The sky beast hits you but does no damage.
You completely miss the sky beast.
The sky beast flickers out of sight!
Deactivating autopickup; reactivate with Ctrl-A.
Something hits you but does no damage. 😨 HP[+1]
You closely miss something. Your headbutt misses something. Something hits you.
* * * LOW HITPOINT WARNING * * *
Something shocks you.
* * * LOW HITPOINT WARNING * * *
😱 HP[-8]
You take 8 damage, and now have 5/48 hp.
You puncture something! Your headbutt misses something. Something hits you.
* * * LOW HITPOINT WARNING * * *
Something shocks you.
You die...

Skill      XL: |  1  2  3  4  5 |
---------------+----------------+-----
Fighting       | 4 5 |  5.0
Polearms       | 3 4 |  4.1
Armour         | 4 5 |  5.0
Shields        | 4 5 |  5.0

Action                   |  1- 3 |  4- 6 || total
-------------------------+-------+-------++-------
Melee: Trident           |    80 |    99 ||   179
       Headbutt          |    10 |    17 ||    27
Throw: Stone             |     1 |    21 ||    22
Armor: Scale mail        |    43 |    60 ||   103
Dodge: Dodged            |    59 |    47 ||   106
Block: Buckler           |    23 |    31 ||    54

Levels and vault maps discovered:
D:1:      dpeg_arrival_refuge, layout_loops_ring, serial_shops, shop
D:2:      layout_rooms, shapermc_ecumenical_altar_rom_forum, dk_noncrumbling_4
D:3:      layout_rooms

Notes
Turn   | Place    | Note
-------+----------+-------------------------------------------
     0 | D:1      | Faeu the Minotaur Fighter began the quest for the Orb.
     0 | D:1      | Reached XP level 1. HP: 19/19 MP: 0/0
     0 | D:1      | magus.rc [v1.9.6]
   217 | D:1      | Reached XP level 2. HP: 27/27 MP: 1/1
   360 | D:1      | Found Ciukai's Antique Weapon Emporium.
   401 | D:1      | Reached skill level 4 in Fighting
   401 | D:1      | Reached skill level 3 in Polearms
   401 | D:1      | Reached skill level 4 in Armour
   401 | D:1      | Reached skill level 4 in Shields
   410 | D:1      | Reached XP level 3. HP: 14/33 MP: 2/2
  1081 | D:2      | Reached XP level 4. HP: 11/41 MP: 3/3
  1600 | D:2      | Reached XP level 5. HP: 43/47 MP: 4/4
  1664 | D:2      | Found a faded altar of an unknown god.
  1975 | D:2      | Got Plato's Collected Works on Conjuration {@e2}
  2123 | D:3      | Reached skill level 4 in Polearms
  2312 | D:3      | Reached skill level 5 in Shields
  2322 | D:3      | Reached skill level 5 in Armour
  2333 | D:3      | Noticed a sky beast
  2335 | D:3      | Reached skill level 5 in Fighting
  2375 | D:3      | HP: 12/48 [sky beast (6)]
  2380 | D:2      | HP: 10/48 [something (3)]
  2381 | D:2      | HP: 2/48 [something (3)]
  2381 | D:2      | Slain by a sky beast

Vanquished Creatures
  A jelly (D:2)
  9 gnolls
  4 adders
  A shadow imp (D:3)
  A worm (D:2)
  A dart slug (D:2)
  8 endoplasms
  4 giant cockroaches
  4 goblins
  4 hobgoblins
  4 jackals (D:1)
  5 quokkas
  6 ball pythons
  5 bats
  3 frilled lizards
  A kobold (D:3)
  5 rats
66 creatures vanquished.

Vanquished Creatures (others)
  A fungus (D:2)
  A plant (D:2)
2 creatures vanquished.

Grand Total: 68 creatures vanquished

Table legend:
 A = Non-vault XP
 B = Vault XP
 C = Vault XP percentage of total XP
 D = Non-vault monster count
 E = Vault monster count
 F = Vault count percentage of total count
                 A         B        C        D         E       F
            +---------+---------+-------+---------+---------+-------
      Total |     333 |       0 |   0.0 |      66 |       0 |   0.0
            +---------+---------+-------+---------+---------+-------
        D:1 |      50 |       0 |   0.0 |      22 |       0 |   0.0
        D:2 |     196 |       0 |   0.0 |      28 |       0 |   0.0
        D:3 |      87 |       0 |   0.0 |      16 |       0 |   0.0
            +---------+---------+-------+---------+---------+-------

Illustrated notes

Table legend:
 A = Kills in this place as a percentage of kills in entire the game.
 B = Kills by you in this place as a percentage of kills by you in the entire game.
 C = Kills by friends in this place as a percentage of kills by friends in the entire game.
 D = Other kills in this place as a percentage of other kills in the entire game.
 E = Experience gained in this place as a percentage of experience gained in the entire game.
 F = Experience gained in this place divided by the number of levels of this place that you have seen.
                   A       B       C       D       E      F
               +-------+-------+-------+-------+-------+----------------------
         Total | 100.0 | 100.0 |   N/A |   N/A | 100.0 | 111.0
       Dungeon | 100.0 | 100.0 |   N/A |   N/A | 100.0 | 111.0
               +-------+-------+-------+-------+-------+----------------------

Table legend: (Time is in decaauts)
 A = Elapsed time spent in this place.
 B = Non-inter-level travel time spent in this place.
 C = Inter-level travel time spent in this place.
 D = Time resting spent in this place.
 E = Time spent auto-exploring this place.
 F = Levels seen in this place.
 G = Mean time per level.
                   A        B        C        D        E       F      G
               +--------+--------+--------+--------+--------+-----+--------+
         Total |   2418 |   2418 |      0 |    807 |    736 |   3 |  806.0 |
       Dungeon |   2418 |   2418 |      0 |    807 |    736 |   3 |  806.0 |
               +--------+--------+--------+--------+--------+-----+--------+

Top non-repeatable levels by time:
     D:2: 1254 daAuts
     D:1: 1022 daAuts
     D:3: 141 daAuts
